 Dungeon Crawl Stone Soup version 0.28.0-49-g6dfe1f597d (webtiles) character file.

Game seed: 10953947623375382817

1460095 fictitious the Maledictor (level 25, 171/171 HPs)
             Began as a Vampire Delver on May 13, 2022.
             Was an Initiate of Gozag.
             Escaped with the Orb
             ... and 3 runes on May 15, 2022!
             The game lasted 08:02:38 (89573 turns).

fictitious the Maledictor (Vampire Delver)         Turns: 89573, Time: 08:02:39

Health: 171/171    AC: 30    Str: 11    XL:     25   Next: 67%
Magic:  38/38      EV: 26    Int: 21    God:    Gozag
Gold:   1126       SH: 11    Dex: 24    Spells: 5/46 levels left

rFire   + + +      SeeInvis +   e - +4 rapier "Sipudd" {speed, Fly rElec Int+3 Dex+2}
rCold   + + +      Faith    .   S - +3 buckler {AC+3}
rNeg    + + +      Spirit   .   h - +5 ring mail {Will+}
rPois   ∞          Reflect  .   t - +2 helmet
rElec   +          Harm     .   d - +2 cloak {rC+}
rCorr   +          Rampage  .   Y - +2 pair of gloves
Will    +++..                   O - +2 pair of boots
Stlth   +++.......              H - amulet of the Prince {RegenMP Fragile rN+ Slay+3}
HPRegen 0.38/turn               f - ring of resist corrosion
MPRegen 0.66/turn               C - ring "Jifif" {Fly rF+++ rC+ rN+ Dex-2}

@: flying, bloodless, studying 2 skills
A: bloodless, fangs 3, see invisible, vampiric 2, hooves 1, clever 1, cold
resistance 1
0: Orb of Zot
}: 3/15 runes: serpentine, barnacled, silver
a: Bat Form, Revivify, Renounce Religion, Potion Petition, Call Merchant, Bribe
Branch


You escaped.
You worshipped Gozag.
Gozag was most pleased with you.
You visited 10 branches of the dungeon, and saw 49 of its levels.
You also visited: Ice Cave.

You collected 23708 gold pieces.
You spent 8609 gold pieces at shops.
You paid 13973 gold pieces to Gozag.

Inventory:

Hand Weapons
 e - the +4 rapier "Sipudd" (weapon) {speed, Fly rElec Int+3 Dex+2}
   (You found it on level 4 of the Snake Pit)

   Attacks with this weapon are significantly faster.
   Int:       It affects your intelligence (+3).
   Dex:       It affects your dexterity (+2).
   rElec:     It insulates you from electricity.
   Fly:       It grants you flight.
 g - the +7 dagger "Fiobein" {freeze, rCorr Str+5 Int-5}
   (You found it on level 2 of the Lair of Beasts)

   It freezes those it strikes, dealing additional cold damage.
   It can also slow down cold-blooded creatures.
   Str:       It affects your strength (+5).
   Int:       It affects your intelligence (-5).
   rCorr:     It protects you from acid and corrosion.
 q - a +6 rapier of protection
 u - a +6 rapier of electrocution
Missiles
 l - 11 throwing nets
 F - 4 curare-tipped darts
Armour
 a - a +3 ring mail of fire resistance
 d - a +2 cloak of cold resistance (worn)
 h - a +5 ring mail of willpower (worn)
 t - a +2 helmet (worn)
 O - a +2 pair of boots (worn)
 S - a +3 buckler of protection (worn)
 W - +0 acid dragon scales
 Y - a +2 pair of gloves (worn)
Jewellery
 f - a ring of resist corrosion (left hand)
 i - the amulet of Hipos {Acrobat Drain rC- Dex+9 SInv}
   (You took it off a merfolk siren on level 4 of the Shoals)

   [amulet of the acrobat]

   It increases your evasion while moving and waiting.
   Dex:       It affects your dexterity (+9).
   rC:        It makes you vulnerable to cold.
   SInv:      It lets you see invisible.
   Drain:     It drains your maximum health when unequipped.
 k - a ring of willpower
 p - a ring of protection from fire
 z - the ring "Pidautz" {+Blink rC+ EV+4 Dex+4}
   (You found it on level 3 of the Elven Halls)

   [ring of evasion]

   EV:        It affects your evasion (+4).
   Dex:       It affects your dexterity (+4).
   rC:        It protects you from cold.
   +Blink:    It lets you blink.
 C - the ring "Jifif" (right hand) {Fly rF+++ rC+ rN+ Dex-2}
   (You took it off a deep elf death mage on level 5 of the Vaults)

   [ring of flight]

   Dex:       It affects your dexterity (-2).
   rF:        It renders you almost immune to fire.
   rC:        It protects you from cold.
   rN:        It protects you from negative energy.
   Fly:       It grants you flight.
 D - the amulet "Noelubb" {RegenMP rF+ Dex-5 Stlth+}
   (You found it on level 1 of the Depths)

   [amulet of magic regeneration]

   It increases your rate of magic regeneration.
   Dex:       It affects your dexterity (-5).
   rF:        It protects you from fire.
   Stlth:     It makes you more stealthy.
 H - the amulet of the Prince (around neck) {RegenMP Fragile rN+ Slay+3}
   (You found it on level 12 of the Dungeon)

   [amulet of magic regeneration]

   It increases your rate of magic regeneration.
   Slay:      It affects your accuracy & damage with ranged weapons and melee
   (+3).
   rN:        It protects you from negative energy.
   Fragile:   It will be destroyed if unequipped.
 R - a ring of willpower
 Z - the ring of Xeronuholl {rPois Str+5}
   (You found it on level 5 of the Lair of Beasts)

   [ring of poison resistance]

   Str:       It affects your strength (+5).
   rPois:     It protects you from poison.
Wands
 A - a wand of acid (4)
 B - a wand of iceblast (22)
 I - a wand of digging (3)
Scrolls
 b - a scroll of enchant armour
 j - 8 scrolls of vulnerability
 o - 5 scrolls of teleportation
 s - 3 scrolls of magic mapping
 x - 2 scrolls of silence
 y - 7 scrolls of torment {!r}
 T - 4 scrolls of fear
 V - 2 scrolls of blinking {!r}
Potions
 c - 2 potions of cancellation
 m - 9 potions of brilliance
 r - a potion of invisibility
 v - 2 potions of ambrosia
 w - a potion of resistance
 K - 2 potions of magic
 M - 3 potions of attraction
 P - 13 potions of curing
Miscellaneous
 U - a phantom mirror


   Skills:
 * Level 21.1 Fighting
 * Level 19.7 Short Blades
 * Level 13.0 Armour
 * Level 20.4 Dodging
 + Level 19.9 Stealth
 * Level 9.6 Shields
 + Level 11.3 Spellcasting
 - Level 25.0 Hexes
 + Level 11.4 Summonings
 - Level 4.5 Necromancy
 - Level 6.0 Transmutations
 - Level 4.0 Ice Magic


You had 5 spell levels left.
You knew the following spells:

 Your Spells              Type           Power      Damage    Failure   Level
a - Confusing Touch       Hex            86%        N/A       0%          3
b - Call Canine Familiar  Summ           56%        N/A       1%          3
c - Vampiric Draining     Necr           31%        2d8       6%          3
d - Ensorcelled Hibernat  Hex/Ice        100%       N/A       1%          2
e - Discord               Hex            43%        N/A       3%          8
f - Summon Mana Viper     Hex/Summ       73%        N/A       1%          5
g - Enfeeble              Hex            43%        N/A       1%          7
h - Yara's Violent Unrav  Hex/Tmut       33%        3d14      1%          5
i - Tukima's Dance        Hex            86%        N/A       0%          3
j - Blink                 Tloc           22%        N/A       19%         2

Your spell library contained the following spells:

 Spells                   Type           Power      Damage    Failure   Level
 Slow                     Hex            100%       N/A       0%          1
 Animate Skeleton         Necr           62%        N/A       1%          1
 Pain                     Necr           100%       1d9       1%          1
 Summon Small Mammal      Summ           100%       N/A       1%          1
 Dazzling Flash           Conj/Hex       100%       N/A       1%          3
 Inner Flame              Hex/Fire       59%        N/A       1%          3
 Portal Projectile        Hex/Tloc       100%       N/A       1%          3
 Summon Guardian Golem    Hex/Summ       73%        N/A       1%          3
 Anguish                  Hex/Necr       32%        N/A       1%          4
 Fulminant Prism          Conj/Hex       29%        3d14      1%          4
 Leda's Liquefaction      Hex/Erth       29%        N/A       1%          4
 Metabolic Englaciation   Hex/Ice        32%        N/A       1%          5
 Freeze                   Ice            100%       1d11      2%          1
 Sting                    Tmut/Pois      96%        1d7       3%          1
 Sublimation of Blood     Necr           31%        N/A       3%          2
 Passwall                 Tmut/Erth      20%        N/A       5%          2
 Summon Ice Beast         Ice/Summ       44%        N/A       5%          4
 Corpse Rot               Necr/Air       42%        N/A       8%          2
 Frozen Ramparts          Ice            56%        1d7       8%          3
 Spider Form              Tmut/Pois      24%        N/A       11%         3
 Summon Lightning Spire   Summ/Air       36%        N/A       12%         4
 Apportation              Tloc           22%        N/A       13%         1
 Foxfire                  Conj/Fire      44%        2x1d6     13%         1
 Magic Dart               Conj           44%        1d5       13%         1
 Sandblast                Erth           22%        2d7       13%         1
 Shock                    Conj/Air       44%        1d5       13%         1
 Poisonous Vapours        Pois/Air       22%        N/A       19%         2
 Scorch                   Fire           22%        2d6       19%         2
 Searing Ray              Conj           22%        2d5       19%         2
 Static Discharge         Conj/Air       11%        N/A       19%         2
 Dispel Undead            Necr           31%        3d14      21%         4
 Blade Hands              Tmut           18%        N/A       30%         5
 Conjure Flame            Conj/Fire      11%        6-21      36%         3
 Gell's Gravitas          Tloc           11%        N/A       36%         3
 Mephitic Cloud           Conj/Pois/Air  11%        N/A       36%         3
 Stone Arrow              Conj/Erth      22%        3d8       36%         3
 Swiftness                Air            11%        N/A       36%         3
 Petrify                  Tmut/Erth      24%        N/A       36%         4
 Hailstorm                Conj/Ice       20%        3d6       50%         4
 Excruciating Wounds      Necr           15%        N/A       50%         5
 Alistair's Intoxication  Tmut/Pois      16%        N/A       71%         5
 Irradiate                Conj/Tmut      12%        3d17      71%         5
 Flame Wave               Conj/Fire      11%        2d5       77%         4
 Iskenderun's Mystic Bla  Conj/Tloc      11%        2d4       77%         4
 Olgreb's Toxic Radiance  Pois           11%        N/A       77%         4
 Passage of Golubria      Tloc           11%        N/A       77%         4
 Sticky Flame             Conj/Fire      11%        2d3       77%         4
 Borgnjor's Vile Clutch   Necr/Erth      10%        N/A       80%         5
 Freezing Cloud           Conj/Ice/Air   8%         6-21      91%         5
 Lightning Bolt           Conj/Air       5%         1d17      98%         5
 Summon Cactus Giant      Summ           28%        N/A       19%         6
 Monstrous Menagerie      Summ           28%        N/A       69%         7
 Death Channel            Necr           15%        N/A       97%         6
 Simulacrum               Ice/Necr       14%        N/A       98%         6
 Statue Form              Tmut/Erth      16%        N/A       99%         6
 Haunt                    Necr/Summ      22%        N/A       99%         7
 Conjure Ball Lightning   Conj/Air       5%         3x3d6     100%        6
 Starburst                Conj/Fire      5%         6d4       100%        6
 Ozocubu's Refrigeration  Ice            14%        4d7       100%        7
 Storm Form               Tmut/Air       12%        N/A       100%        7
 Disjunction              Tloc           5%         N/A       100%        8
 Ignition                 Fire           5%         3d4       100%        8
 Maxwell's Capacitive Co  Air            5%         ∞         100%        8
 Summon Horrible Things   Summ           28%        N/A       100%        8
 Fire Storm               Conj/Fire      5%         8d2       100%        9


Dungeon Overview and Level Annotations

Branches:
Dungeon (15/15)            Temple (1/1) D:7            Lair (6/6) D:9
 Shoals (4/4) Lair:4        Snake (4/4) Lair:2        Slime (0/5) Lair:5
    Orc (2/2) D:10            Elf (3/3) Orc:2        Vaults (5/5) D:14
  Crypt (0/3) Vaults:3     Depths (4/4) D:15            Zot (5/5) Depths:4
  IceCv (visited)

Altars:
Ashenzari
Cheibriados
Dithmenos
Elyvilon
Fedhas
Gozag
Hepliaklqana
Kikubaaqudgha
Makhleb
Nemelex Xobeh
Okawaru
Qazlal
Ru
Sif Muna
Trog
Uskayaw
Vehumet
Wu Jian
Xom
Yredelemnul
Zin
The Shining One
Jiyva

Shops:
D:4 (   D:10 =[   D:11 *   Orc:2 [*(=   Elf:1 !   Elf:2 [   Elf:3 !?   Lair:4 [
Lair:6 *   Snake:4 ?   Vaults:1 !(   Depths:3 ((?:

Portals:
Hell: Depths:1 Depths:2 Depths:3 Depths:4
Abyss: D:6 Depths:3 Depths:4
Pandemonium: Depths:1
Ziggurat: Depths:4

Annotations:
Lair:6 exclusion: obsidian statue
Shoals:1 3 runed translucent doors, Teryn's ghost, journeyman DsAK
Elf:2 3 runed translucent doors
Depths:2 exclusion: 2 doors
Zot:5 3 runed translucent doors
Abyss:1 boopmooplesden's ghost, adept MiBe


Innate Abilities, Weirdness & Mutations

You do not regenerate when monsters are visible.
You are frail without blood (-20% HP).
You can heal yourself when you bite living creatures.
You are immune to poison.
You have razor-sharp teeth.
You have supernaturally acute eyesight. (SInv)
You are afflicted with vampirism and can become a bat while bloodless.
You have large cloven feet.
Your mind is acute. (Int +2)
Your flesh is cold resistant. (rC+)


Message History

The sixfirhy hits you but does no damage.
You block the sixfirhy's attack. The sixfirhy closely misses you.
You block the sixfirhy's attack.
Aiming: Dig
Press: ? - help, Shift-Dir - straight line A rock wall.
This square is covered in magical glow.
The rock shatters into small pieces.
The sixfirhy completely misses you. You block the sixfirhy's attack.
The sixfirhy completely misses you. The sixfirhy closely misses you.
You block the sixfirhy's attack.
Casting: Enfeeble (mildly dangerous; 1% risk of failure)
Confirm with . or Enter, or press ? or * to list all spells.
Aiming: Enfeeble (mildly dangerous; 1% risk of failure)
Press: ? - help, Shift-Dir - straight line, f - sixfirhy
Aim: a sixfirhy (will inflict weakness, chance to daze and blind: 91%)
The sixfirhy is enfeebled!
You puncture the sixfirhy!
The sixfirhy is moderately wounded.
You catch the helpless sixfirhy completely off-guard!
You perforate the sixfirhy like a sieve!!!
You kill the sixfirhy!
There is a stone staircase leading up here.
You fly upwards.
There is a stone staircase leading down here.
(D) Dungeon (T) Temple (L) Lair (A) Shoals (P) Snake Pit (M) Slime Pits (O) Orcish Mines (E) Elven Halls (V) Vaults (C) Crypt (U) Depths (H) Hell (Z) Zot
Where to? (Enter - D:1 @ (x,y), ? - help) Magic restored.
There is a stone staircase leading up here.
You fly upwards.
There is a stone staircase leading down here.
There is an open door here.
There is a staircase leading out of the dungeon here.
You have escaped!

#...##.# ######
.......# #...######
.##..#.#####........#
####...........####.#
####.....###'######.#
).÷...####...#≈≈≈≈#.#
#####.# #.#.#≈##≈#.#
#####.# #.###≈≈≈≈#.#
....#.####.≈≈#≈#@≈'.#
###......###≈#≈#≈≈###
######.###≈#≈##≈#
#.'.≈#≈#≈≈≈#
############


There were no monsters in sight!

Vanquished Creatures
  5 orbs of fire
  An ancient lich (Vaults:5)
  3 dread liches
  A juggernaut (Depths:2)
  Sojobo (Depths:3)
  A Killer Klown (Zot:5)
  A caustic shrike (Depths:2)
  A curse toe (Zot:5)
  6 golden dragons
  Nikola (Vaults:1)
  A bone dragon (Depths:4)
  4 tentacled monstrosities
  4 liches
  2 deep elf blademasters (Elf:2)
  Asterion (Vaults:2)
  A walking earthen tome (Depths:2)
  2 deep elf master archers (Elf:3)
  3 titans (Vaults:5)
  13 Orb Guardians
  A quicksilver dragon (Depths:1)
  Polyphemus (Shoals:3)
  Kirke (Elf:1)
  4 sphinxes
  An Executioner (Zot:5)
  3 draconian monks (Zot:3)
  9 tengu reavers
  8 shadow dragons
  7 storm dragons
  4 fire giants
  Ilsuiw (Shoals:4)
  9 frost giants
  6 nagarajas
  Louise (D:14)
  4 deep elf sorcerers
  11 vault wardens
  An orc warlord (Orc:2)
  20 stone giants
  19 ironbound preservers
  2 spriggan defenders
  3 deep elf elementalists
  2 draconian annihilators
  29 very ugly things
  7 ironbound thunderhulks
  5 war gargoyles
  2 green draconians
  3 black draconians
  A purple draconian (Zot:2)
  2 red draconians (Depths:4)
  7 deep elf demonologists
  Nessos (Lair:6)
  4 vampire knights
  15 dire elephants
  Azrael (Orc:2)
  A lorocyproca (Depths:4)
  11 deep elf annihilators
  A white draconian (Zot:2)
  10 spark wasps
  4 yellow draconians
  A blizzard demon (D:6)
  3 fire dragons
  8 merfolk javelineers
  A crystal guardian (Vaults:3)
  A fire dragon (shapeshifter) (Depths:4)
  Josephine (D:14)
  8 ettins
  10 merfolk impalers
  13 yaktaur captains
  5 deep elf death magi (Elf:3)
  7 vault guards
  3 deep elf high priests (Vaults:5)
  12 hydras
  6 great orbs of eyes
  4 rakshasas
  Erolcha (Orc:1)
  Harold (Lair:2)
  A hell beast (Depths:1)
  A hydra (shapeshifter) (Vaults:5)
  4 boulder beetles
  3 peacekeepers
  4 ice dragons
  2 salamander tyrants (Snake:4)
  2 catoblepae
  8 spriggan air magi
  3 naga warriors
  3 merfolk avatars
  8 ironbound frosthearts
  3 centaur warriors
  5 anacondas
  2 merfolk aquamancers
  2 alligator snapping turtles
  5 death yaks
  2 two-headed ogres
  A titan zombie (Depths:2)
  3 orc high priests (Orc:2)
  Urug (Orc:2)
  5 vampire magi
  3 tengu warriors
  8 naga sharpshooters
  7 deep troll earth magi
  3 deep troll shamans
  8 shock serpents
  5 spriggan berserkers
  8 hell knights
  5 deep elf knights
  A soul eater (Depths:1)
  The ghost of bobregger the Nimble, a novice OgBe of Trog (D:6)
  3 salamander mystics
  5 iron trolls
  A sixfirhy (D:3)
  2 shadow wraiths (Vaults:5)
  A spectral death yak (Lair:6)
  A spectral anaconda (Lair:6)
  A flayed ghost (Depths:1)
  14 sea snakes
  70 deep trolls
  2 lindwurms
  11 necromancers
  A shadow demon (D:6)
  4 naga ritualists
  2 glowing orange brains
  19 ironbound convokers
  8 phantasmal warriors
  9 wizards
  3 orc knights (Orc:2)
  9 deep elf archers
  19 deep elf pyromancers
  16 deep elf zephyrmancers
  10 harpies
  5 orc sorcerers
  23 manticores
  8 fauns
  A shadow dragon skeleton (Depths:2)
  A fire giant zombie (Vaults:3)
  4 mana vipers
  25 ugly things
  8 salamanders
  7 cyclopes
  12 elephants
  5 moths of wrath
  A guardian serpent (Snake:1)
  3 water nymphs (Shoals:4)
  2 nameless horrors
  An ice statue (IceCv)
  15 naga magi
  17 vault sentinels
  2 smoke demons (Depths:4)
  29 black mambas
  9 merfolk sirens
  2 gargoyles (D:12)
  Maggie (Lair:2)
  A rust devil (Depths:1)
  2 elf skeletons (Vaults:3)
  A spriggan zombie (Depths:1)
  7 cane toads
  2 cane toads (shapeshifter)
  6 rime drakes
  2 tormentors
  An anaconda simulacrum (IceCv)
  14 yaktaurs
  2 hellwings (Depths:4)
  7 freezing wraiths
  17 ice devils
  35 merfolk
  2 entropy weaver simulacra (IceCv)
  A human zombie (Vaults:3)
  9 komodo dragons
  6 tengu conjurers
  Grinder (D:4)
  3 polar bears
  8 hornets
  6 trolls
  Prince Ribbit (D:7)
  7 wind drakes
  11 snapping turtles
  A spectral elephant (Lair:6)
  15 slime creatures
  13 blink frogs
  A meliai zombie (D:11)
  A deep troll skeleton (Vaults:3)
  15 dream sheep
  6 spriggans
  2 centaur simulacra (D:13)
  2 shadows
  3 air elementals
  A yak (shapeshifter) (D:13)
  3 wraiths
  45 yaks
  A ynoxinul (Depths:1)
  3 wyverns
  A dire elephant simulacrum (IceCv)
  6 basilisks
  18 water elementals
  5 fire elementals
  A golden eye (shapeshifter) (D:14)
  A basilisk (shapeshifter) (Elf:1)
  6 vampire mosquitoes
  A chaos spawn (Depths:1)
  4 death yak simulacra (IceCv)
  Menkaure (D:7)
  2 wargs
  2 harpy simulacra (IceCv)
  32 nagas
  A swamp worm (shapeshifter) (Vaults:3)
  15 water moccasins
  Duvessa (D:7)
  3 hell hounds (Orc:2)
  A small abomination (D:6)
  26 orc warriors
  3 sky beasts
  A black bear (shapeshifter) (D:14)
  An elephant zombie (Lair:6)
  3 black bears
  4 necrophages
  12 centaurs
  11 ogres
  An elephant skeleton (Lair:6)
  2 phantoms
  14 wolves
  A kobold brigand (D:6)
  4 two-headed ogre simulacra (IceCv)
  14 bullfrogs
  4 cane toad simulacra (IceCv)
  6 earth elementals
  2 scorpions
  Dowan (D:7)
  2 water moccasin skeletons
  6 elephant simulacra
  6 killer bees (D:10)
  4 electric eels
  3 howler monkeys
  4 wights
  A bullfrog zombie (D:5)
  4 crimson imps (D:13)
  2 centaur zombies
  6 hounds
  A centaur skeleton (D:6)
  14 orc priests
  13 jellies
  2 bullfrog skeletons (D:5)
  Jessica (D:3)
  3 iguanas
  Terence (D:3)
  4 hell rats (Lair:2)
  20 orc wizards
  A polar bear simulacrum (IceCv)
  2 spriggan simulacra
  6 wolf simulacra (IceCv)
  A killer bee zombie (D:8)
  A hound skeleton (D:5)
  6 gnolls
  A naga simulacrum (IceCv)
  7 adders
  A white imp (D:6)
  2 ufetubi
  A dart slug (D:1)
  71 orcs
  5 ball pythons
  8 endoplasms
  3 giant cockroaches
  9 hobgoblins
  7 jackals
  8 kobolds
  3 quokkas
  3 training dummies (D:4)
  7 bats
  6 frilled lizards
  7 goblins
  8 rats
1614 creatures vanquished.

Vanquished Creatures (collateral kills)
  A dread lich (Zot:5)
  An ancient lich (Vaults:5)
  Mara (Vaults:2)
  Mennas (Depths:3)
  2 Killer Klowns (Zot:5)
  Bai Suzhen (Shoals:4)
  Xtahua (Vaults:2)
  A golden dragon (Vaults:5)
  A tentacled monstrosity (Depths:3)
  An electric golem (Zot:5)
  An Ice Fiend (Zot:5)
  5 Orb Guardians (Zot:5)
  A lich (Vaults:5)
  A quicksilver dragon (Vaults:5)
  A walking frostbound tome (Depths:2)
  A titan (Depths:2)
  A sphinx (Depths:1)
  A death cob (Zot:5)
  2 shadow dragons (Zot:5)
  2 revenants (Vaults:3)
  3 deep elf sorcerers
  A fire giant (Vaults:5)
  3 vault wardens (Vaults:5)
  An ironbound preserver (Vaults:2)
  A draconian annihilator (Zot:5)
  A draconian shifter (Zot:3)
  A spriggan defender (Depths:2)
  Aizul (Snake:1)
  2 stone giants (Vaults:5)
  A war gargoyle (Vaults:1)
  A draconian stormcaller (Zot:5)
  2 very ugly things (Vaults:4)
  A green draconian (Zot:5)
  2 deep elf demonologists (Elf:3)
  A purple draconian (Zot:3)
  2 white draconians
  2 dire elephants
  A red draconian (Depths:4)
  The ghost of issech the Cleaver, a journeyman TrMo of Hepliaklqana (D:12)
  An ettin (Vaults:5)
  5 deep elf death magi
  A fire dragon (Depths:1)
  2 merfolk javelineers
  A great orb of eyes (Depths:2)
  2 merfolk impalers
  2 deep elf high priests (Vaults:5)
  20 vault guards
  A yaktaur captain (Vaults:5)
  A hell beast (Zot:5)
  3 ironbound frosthearts
  An ogre mage (D:15)
  2 salamander tyrants (Snake:4)
  3 dancing weapons
  A deep troll earth mage (Depths:2)
  3 deep troll shamans
  An orc high priest (Orc:2)
  2 naga sharpshooters
  A hell knight (D:15)
  4 iron trolls
  A salamander mystic (Snake:4)
  14 deep trolls
  A golden dragon zombie (Depths:1)
  A glowing orange brain (Depths:1)
  8 deep elf pyromancers
  A necromancer (Depths:1)
  2 mana vipers
  An orc knight (Orc:2)
  A phantasmal warrior (Vaults:1)
  4 deep elf zephyrmancers
  3 ugly things
  A salamander (Snake:4)
  4 black mambas
  A guardian serpent (Snake:1)
  A cyclops (D:12)
  A fire giant skeleton (Depths:2)
  A naga mage (Snake:3)
  3 vault sentinels
  A yaktaur (Vaults:5)
  3 freezing wraiths
  A tengu conjurer (Depths:1)
  A hornet (Depths:3)
  7 merfolk
  A tarantella (shapeshifter) (Elf:2)
  3 wraiths
  A hog (Elf:1)
  11 nagas
  2 orc warriors (Orc:2)
  An ogre (D:15)
  A crimson imp (D:6)
  2 orc priests (Orc:2)
  An orc wizard (Orc:2)
  3 orcs
200 creatures vanquished.

Vanquished Creatures (others)
  An orb of fire (Zot:5)
  An ancient lich (Zot:5)
  The ghost of Xolotl the Executioner, a veteran DsBe of Trog (Zot:5)
  A Killer Klown (Zot:5)
  A curse toe (Zot:5)
  A golden dragon (Zot:5)
  An electric golem (Zot:5)
  A tentacled monstrosity (Zot:5)
  A quicksilver dragon (Zot:5)
  10 Orb Guardians (Zot:5)
  A storm dragon (Zot:5)
  2 draconian monks (Zot:5)
  A deep elf sorcerer (Elf:3)
  A ghost moth (Zot:5)
  A draconian shifter (Zot:5)
  A vault warden (Vaults:5)
  A deep elf elementalist (Elf:3)
  A draconian scorcher (Zot:5)
  A quicksilver ooze (Zot:5)
  A draconian annihilator (Depths:4)
  A draconian stormcaller (Zot:5)
  2 black draconians
  3 white draconians (Zot:5)
  4 purple draconians (Zot:5)
  2 green draconians
  2 red draconians (Zot:5)
  A deep elf death mage (Elf:3)
  5 vault guards (Vaults:5)
  A deep troll earth mage (Depths:4)
  A deep elf knight (Elf:2)
  A glowing orange brain (Zot:5)
  2 deep elf pyromancers (Vaults:5)
  2 deep elf zephyrmancers (Elf:1)
  4 moths of wrath (Zot:5)
  3 yaktaurs (Vaults:5)
  17 dancing weapons
  An orc wizard (Orc:2)
  A bush (Lair:1)
  7 fulminant prisms
  46 fungi
  182 plants
  4 toadstools (D:5)
  38 withered plants (Lair:6)
360 creatures vanquished.

Grand Total: 2174 creatures vanquished

Notes
Turn   | Place    | Note
-------+----------+-------------------------------------------
     0 | D:5      | fictitious the Vampire Delver began the quest for the Orb.
     0 | D:5      | Reached XP level 1. HP: 17/17 MP: 1/1
    27 | D:5      | Reached XP level 2. HP: 18/18 MP: 2/2
   135 | D:4      | Noticed an ogre
   644 | D:2      | Gained mutation: You are afflicted with vampirism and can
                  | become a bat while bloodless. [Vampire growth]
   644 | D:2      | Reached XP level 3. HP: 13/22 MP: 3/3
  1795 | D:2      | Reached XP level 4. HP: 27/27 MP: 4/4
  2070 | D:2      | Found a faded altar of an unknown god.
  2206 | D:2      | Learned a level 1 spell: Animate Skeleton
  2448 | D:3      | Noticed Jessica
  2453 | D:3      | Killed Jessica
  2519 | D:3      | Noticed Terence
  2527 | D:3      | Killed Terence
  2629 | D:3      | Reached XP level 5. HP: 31/31 MP: 5/5
  2709 | D:3      | Learned a level 3 spell: Call Canine Familiar
  2760 | D:3      | Reached skill level 5 in Short Blades
  2973 | D:4      | Noticed Grinder
  2980 | D:4      | Killed Grinder
  2981 | D:4      | Reached XP level 6. HP: 36/36 MP: 6/6
  3410 | D:4      | Reached XP level 7. HP: 33/40 MP: 7/7
  3690 | D:4      | Reached skill level 1 in Shields
  3921 | D:4      | Found Icojon's Firing Range.
  3952 | D:4      | Bought a throwing net for 33 gold pieces
  4315 | D:4      | Reached skill level 10 in Stealth
  4359 | D:4      | Reached skill level 1 in Armour
  5039 | D:5      | Reached XP level 8. HP: 45/45 MP: 8/8
  5779 | D:6      | Found a transporter.
  5981 | D:6      | Found a transporter.
  6211 | D:6      | Found a one-way gate to the infinite horrors of the Abyss.
  6211 | D:6      | Noticed bobregger's ghost (novice OgBe)
  6539 | D:6      | Reached XP level 9. HP: 42/50 MP: 9/9
  6721 | D:7      | Noticed Duvessa
  6723 | D:7      | Noticed Dowan
  6731 | D:7      | Killed Dowan
  6734 | D:7      | Killed Duvessa
  7118 | D:7      | Found a staircase to the Ecumenical Temple.
  7130 | Temple   | Entered the Ecumenical Temple
  7325 | Temple   | Became a worshipper of Gozag Ym Sagoz the Greedy
  7577 | D:7      | Noticed Menkaure
  7590 | D:7      | Killed Menkaure
  7610 | D:7      | Learned a level 3 spell: Vampiric Draining
  7617 | D:7      | Noticed Prince Ribbit
  7636 | D:7      | Killed Prince Ribbit
  7637 | D:7      | Reached skill level 10 in Short Blades
  9049 | D:8      | Identified the +1 leather armour of Sloth {-Cast Slay+6}
  9205 | D:9      | Noticed a cyclops
  9438 | D:9      | Noticed a troll
  9448 | D:9      | Reached skill level 5 in Fighting
  9524 | D:9      | Killed a troll
  9525 | D:9      | Reached XP level 10. HP: 45/59 MP: 10/10
  9663 | D:9      | Killed a cyclops
  9973 | D:9      | Found a staircase to the Lair.
 10293 | Lair:1   | Entered Level 1 of the Lair of Beasts
 10429 | Lair:1   | Reached skill level 5 in Shields
 10908 | Lair:1   | Noticed an eight-headed hydra
 10919 | Lair:1   | Killed an eight-headed hydra
 11141 | Lair:1   | Reached skill level 5 in Armour
 11198 | Lair:1   | Noticed a cane toad
 11206 | Lair:1   | Killed a cane toad
 11207 | Lair:1   | Reached XP level 11. HP: 45/64 MP: 11/11
 11602 | D:10     | Entered Level 10 of the Dungeon
 11604 | D:10     | Found a staircase to the Orcish Mines.
 11727 | D:10     | Noticed a two-headed ogre
 11785 | D:10     | Found a transporter.
 11787 | D:10     | Found a transporter.
 11799 | D:10     | Found a transporter.
 11802 | D:10     | Found a transporter.
 11832 | D:10     | Found a transporter.
 11998 | D:10     | Killed a two-headed ogre
 12172 | D:10     | Reached skill level 5 in Dodging
 12261 | D:10     | Found a transporter.
 12428 | D:10     | Found a radiant altar of Vehumet.
 12532 | Orc:1    | Entered Level 1 of the Orcish Mines
 12667 | Orc:1    | Noticed an orc sorcerer
 13129 | D:11     | Found Zin's Purification Station.
 13887 | D:12     | Found a frozen archway.
 13894 | IceCv    | Entered an ice cave
 14403 | IceCv    | Reached skill level 10 in Dodging
 14800 | IceCv    | Found an ancient bone altar of Kikubaaqudgha.
 14868 | IceCv    | Reached XP level 12. HP: 25/71 MP: 12/12
 15930 | IceCv    | Got Acsin's Almanac of Curses
 16804 | IceCv    | Got Ukkamisy's Disquisition on the Glacier and Dark Magic
 17569 | D:12     | Noticed a boulder beetle
 17587 | D:12     | Killed a boulder beetle
 17831 | D:12     | Noticed a minotaur
 17837 | D:12     | Noticed issech's ghost (journeyman TrMo)
 18439 | D:12     | Found a runed translucent gate.
 18439 | D:12     | Found a runed translucent gate.
 18439 | D:12     | Found a runed translucent gate.
 18733 | Lair:2   | Found a staircase to the Snake Pit.
 18805 | Lair:2   | Noticed Harold
 18877 | Lair:2   | Noticed Maggie
 18913 | Lair:2   | Killed Maggie
 19102 | Lair:2   | Learned a level 2 spell: Ensorcelled Hibernation
 19178 | Lair:2   | Reached skill level 1 in Hexes
 19336 | Lair:2   | Reached skill level 1 in Spellcasting
 19336 | Lair:2   | Reached skill level 2 in Hexes
 19464 | Lair:2   | Identified the +7 dagger "Fiobein" {freeze, rCorr Str+5
                  | Int-5}
 19555 | Lair:2   | Reached XP level 13. HP: 80/80 MP: 15/15
 19587 | Lair:2   | Reached skill level 3 in Hexes
 19819 | Lair:2   | Killed Harold
 19827 | Lair:2   | Reached skill level 4 in Hexes
 20146 | Lair:3   | Learned a level 3 spell: Confusing Touch
 20851 | Lair:3   | Reached skill level 5 in Hexes
 21706 | Lair:4   | Learned a level 5 spell: Summon Mana Viper
 21966 | Lair:4   | Bought a runed buckler for 270 gold pieces
 21981 | Lair:4   | Bought a shiny helmet for 270 gold pieces
 22049 | Lair:4   | Found a staircase to the Shoals.
 22280 | Lair:4   | Reached skill level 6 in Hexes
 22471 | Lair:4   | Reached skill level 1 in Ice Magic
 23291 | Lair:5   | Found a staircase to the Slime Pits.
 23866 | Lair:5   | Reached skill level 15 in Stealth
 23866 | Lair:5   | Reached skill level 7 in Hexes
 24128 | Lair:5   | Reached skill level 10 in Fighting
 24911 | Lair:5   | Identified the ring of Xeronuholl {rPois Str+5}
 25146 | Lair:6   | Entered Level 6 of the Lair of Beasts
 25415 | Lair:6   | Reached skill level 8 in Hexes
 25415 | Lair:6   | Reached XP level 14. HP: 88/88 MP: 14/20
 26222 | Lair:6   | Noticed Nessos
 26407 | Lair:6   | Reached skill level 9 in Hexes
 27131 | Lair:6   | Killed Nessos
 28236 | D:13     | Reached skill level 10 in Hexes
 28620 | D:13     | Found a shimmering altar of Xom.
 28651 | D:13     | Reached skill level 1 in Summonings
 29450 | D:14     | Found a gate to the Vaults.
 29799 | D:14     | Noticed Josephine
 30002 | Orc:1    | Noticed Erolcha
 30007 | D:10     | Reached skill level 5 in Spellcasting
 30602 | Shoals:1 | Entered Level 1 of the Shoals
 30647 | Shoals:1 | Reached skill level 11 in Hexes
 30725 | Shoals:1 | Found a runed translucent gate.
 30735 | Shoals:1 | Found a runed translucent gate.
 30736 | Shoals:1 | Found a runed translucent gate.
 31755 | Shoals:1 | Reached XP level 15. HP: 85/93 MP: 14/23
 32428 | Shoals:1 | Reached skill level 12 in Hexes
 32560 | Shoals:1 | Noticed Teryn's ghost (journeyman DsAK)
 32814 | D:6      | Killed bobregger's ghost
 33461 | Shoals:2 | Identified the +1 dagger of the Final Decision {spect,
                  | rPois Will- Str-5 Dex+10}
 34654 | Shoals:3 | Reached skill level 5 in Summonings
 34999 | Shoals:3 | Reached skill level 13 in Hexes
 35418 | Shoals:3 | Noticed Polyphemus
 35883 | Shoals:3 | Killed Polyphemus
 36441 | Shoals:3 | Reached skill level 14 in Hexes
 37760 | Lair:6   | Reached XP level 16. HP: 64/99 MP: 18/26
 38001 | Lair:6   | Identified the +10 shortbow "Qydu" {vorpal, rPois Will-
                  | Int+4 SInv}
 38160 | Lair:6   | Bought a scroll of enchant armour for 112 gold pieces
 38359 | Orc:1    | Killed Erolcha
 38618 | Orc:2    | Entered Level 2 of the Orcish Mines
 38891 | Orc:2    | Noticed Azrael
 39033 | Orc:2    | Reached skill level 15 in Hexes
 39084 | Orc:2    | Killed Azrael
 39230 | Orc:2    | Found a staircase to the Elven Halls.
 39743 | Orc:2    | Gained mutation: You have hidden genetic defects. [a
                  | neqoxec]
 39888 | Orc:2    | Lost mutation: You have hidden genetic defects. [potion of
                  | mutation]
 39888 | Orc:2    | Gained mutation: Your magical capacity is low. (-10% MP)
                  | [potion of mutation]
 39888 | Orc:2    | Gained mutation: You are occasionally teleported next to
                  | monsters. [potion of mutation]
 39888 | Orc:2    | Gained mutation: You are partially covered in iridescent
                  | scales. (AC +2) [potion of mutation]
 39889 | Orc:2    | Lost mutation: You are partially covered in iridescent
                  | scales. (AC +2) [potion of mutation]
 39889 | Orc:2    | Lost mutation: Your magical capacity is low. (-10% MP)
                  | [potion of mutation]
 39889 | Orc:2    | Lost mutation: You are occasionally teleported next to
                  | monsters. [potion of mutation]
 39889 | Orc:2    | Gained mutation: Your body sometimes deteriorates upon
                  | taking damage. [potion of mutation]
 39969 | Orc:2    | Noticed Urug
 39972 | Orc:2    | Killed Urug
 41257 | Orc:2    | Found Jenac's Antique Armour Emporium.
 41258 | Orc:2    | Found Turphurch's Antique Weapon Emporium.
 41261 | Orc:2    | Found Avefog's General Store.
 41261 | Orc:2    | Found Luxoanie's Jewellery Shoppe.
 41279 | Orc:2    | Bought a pair of runed gloves for 232 gold pieces
 41308 | Orc:2    | Bought a scroll of teleportation for 42 gold pieces
 41864 | Snake:1  | Entered Level 1 of the Snake Pit
 42039 | Lair:2   | Learned a level 7 spell: Enfeeble
 42123 | Lair:6   | Bought Great Wizards, Vol. VII for 450 gold pieces
 42129 | Lair:6   | Learned a level 5 spell: Yara's Violent Unravelling
 42456 | Snake:1  | Reached skill level 16 in Hexes
 42456 | Snake:1  | Noticed Aizul
 42472 | Snake:1  | Killed Aizul
 42473 | Snake:1  | Reached skill level 1 in Necromancy
 42486 | Snake:1  | Reached skill level 1 in Transmutations
 44578 | Snake:3  | Reached skill level 15 in Dodging
 44870 | Snake:3  | Reached skill level 15 in Short Blades
 45067 | Snake:3  | Reached skill level 17 in Hexes
 45709 | Snake:3  | Reached XP level 17. HP: 103/103 MP: 6/29
 46324 | Snake:4  | Entered Level 4 of the Snake Pit
 46521 | Snake:4  | Found a runed translucent door.
 46616 | Snake:4  | Noticed boopmooplesden's ghost (adept MiBe)
 46846 | Snake:4  | Found Weotuk Ystri's Magic Scroll Shop.
 47065 | Snake:4  | Bought a scroll of fog for 36 gold pieces
 47065 | Snake:4  | Bought a scroll of magic mapping for 63 gold pieces
 47065 | Snake:4  | Bought a scroll of blinking for 135 gold pieces
 47065 | Snake:4  | Bought a scroll of fog for 36 gold pieces
 47065 | Snake:4  | Bought a scroll of brand weapon for 360 gold pieces
 47065 | Snake:4  | Bought a scroll of acquirement for 936 gold pieces
 47065 | Snake:4  | Bought a scroll of teleportation for 54 gold pieces
 47065 | Snake:4  | Bought a scroll of teleportation for 54 gold pieces
 47066 | Snake:4  | Acquired a +5 rapier of venom
 48111 | Snake:4  | Reached skill level 18 in Hexes
 48283 | Snake:4  | Reached skill level 5 in Transmutations
 48917 | Snake:4  | Got a serpentine rune of Zot
 49127 | Snake:4  | Banished boopmooplesden's ghost
 49160 | Snake:4  | Identified the +4 rapier "Sipudd" {speed, Fly rElec Int+3
                  | Dex+2}
 49815 | D:12     | Killed issech's ghost
 49918 | D:12     | Identified the amulet of the Prince {RegenMP Fragile rN+
                  | Slay+3}
 50060 | D:14     | Killed Josephine
 50655 | D:14     | Noticed Louise
 50671 | D:14     | Killed Louise
 50897 | D:14     | You are sucked into a shaft and drop 1 floor!
 50897 | D:15     | Entered Level 15 of the Dungeon
 51058 | D:14     | Learned a level 3 spell: Tukima's Dance
 51344 | Shoals:4 | Entered Level 4 of the Shoals
 51544 | Shoals:4 | Noticed Ilsuiw
 51950 | Shoals:4 | Noticed Bai Suzhen
 51971 | Shoals:4 | Identified the amulet of Hipos {Acrobat Drain rC- Dex+9
                  | SInv}
 52193 | Shoals:4 | Identified the +0 morningstar of Osaodo Seme {antimagic,
                  | Dex+2}
 52486 | Shoals:4 | Reached XP level 18. HP: 110/110 MP: 30/30
 53230 | Shoals:4 | Identified the +7 hand crossbow "Worm's Wrath" {vorpal,
                  | rN+}
 53402 | Shoals:4 | Got a barnacled rune of Zot
 53847 | Shoals:4 | Killed Bai Suzhen
 54621 | Shoals:4 | Killed Ilsuiw
 55227 | Elf:1    | Entered Level 1 of the Elven Halls
 55352 | Elf:1    | Noticed Kirke
 55367 | Elf:1    | Killed Kirke
 55415 | Elf:1    | You are sucked into a shaft and drop 1 floor!
 55658 | Elf:2    | Reached skill level 19 in Hexes
 55735 | Elf:2    | Found a runed translucent gate.
 55736 | Elf:2    | Found a runed translucent gate.
 55738 | Elf:2    | Found a runed translucent gate.
 55843 | Elf:2    | Found Nuset's Antique Armour Shop.
 55856 | Elf:2    | Bought a pair of boots for 171 gold pieces
 56125 | Elf:1    | Found Joon's Distillery.
 56129 | Elf:1    | Bought a potion of haste for 160 gold pieces
 56129 | Elf:1    | Bought a potion of haste for 160 gold pieces
 56129 | Elf:1    | Bought a potion of heal wounds for 80 gold pieces
 56129 | Elf:1    | Bought a potion of haste for 160 gold pieces
 57708 | Elf:2    | Got the Disquisition on Flight
 57757 | Elf:2    | Got the Almanac of Clay
 58137 | Orc:2    | Bought a glowing ring mail for 217 gold pieces
 58271 | D:10     | Bought a glowing ring mail for 238 gold pieces
 58402 | Vaults:1 | Entered Level 1 of the Vaults
 58623 | Vaults:1 | Found Heneleir's Weapon Emporium.
 58947 | Vaults:1 | Noticed Nikola
 58952 | Vaults:1 | Killed Nikola
 58953 | Vaults:1 | Reached XP level 19. HP: 118/118 MP: 32/32
 59395 | Vaults:1 | Found Dohisapp's Distillery.
 60955 | Vaults:2 | Noticed Asterion
 60976 | Vaults:2 | Killed Asterion
 61085 | Vaults:2 | Noticed Mara
 61122 | Vaults:2 | Noticed fictitious's illusion
 61154 | Vaults:2 | Killed Mara
 61521 | Vaults:2 | Noticed Xtahua
 61595 | Vaults:2 | Killed Xtahua
 62405 | Vaults:2 | Acquired 1214 gold pieces
 62875 | Vaults:2 | Learned a level 4 spell: Fulminant Prism
 63003 | Vaults:3 | You are sucked into a shaft and drop 1 floor!
 63809 | Vaults:3 | Found a staircase to the Crypt.
 64074 | Vaults:3 | Reached XP level 20. HP: 112/126 MP: 33/33
 64363 | Vaults:3 | Reached skill level 20 in Hexes
 67002 | Vaults:4 | Reached skill level 10 in Spellcasting
 68288 | D:15     | Reached skill level 10 in Armour
 68595 | D:15     | Found a staircase to the Depths.
 68844 | D:15     | Found a hazy altar of Hepliaklqana.
 69115 | Depths:1 | Entered Level 1 of the Depths
 69398 | D:15     | Reached skill level 15 in Fighting
 69448 | Depths:1 | Found a gateway to Hell.
 69947 | Depths:1 | Reached XP level 21. HP: 116/134 MP: 30/35
 70124 | Depths:1 | Found a one-way gate leading to the halls of Pandemonium.
 70403 | Depths:1 | Identified the amulet "Gerrucw" {RegenMP Int+2 Stlth+}
 70623 | Depths:1 | Reached skill level 21 in Hexes
 70902 | Depths:1 | Identified the +1 robe "Ticof" {rC+}
 71124 | Depths:1 | Found a shimmering blue altar of Sif Muna.
 71149 | Depths:1 | Identified the +6 demon trident of Accord {freeze, rF+
                  | Int+3 Dex-3 Stlth+}
 71242 | Depths:1 | Noticed a dread lich
 71245 | Depths:1 | Noticed a dread lich
 71276 | Depths:1 | Killed a dread lich
 71297 | Depths:1 | Killed a dread lich
 71360 | Depths:1 | Got the Disquisition on the Twisted Frostbite
 71376 | Depths:1 | Got the Compendium of the Entourage
 71413 | Depths:1 | Got the Handbook of Dislocated Changing
 71441 | Depths:1 | Got the Compendium of Fetching Creation
 71930 | Depths:1 | Noticed a golden dragon
 71971 | Depths:1 | Killed a golden dragon
 72645 | Depths:1 | Identified the amulet "Noelubb" {RegenMP rF+ Dex-5 Stlth+}
 72780 | Depths:2 | Noticed a caustic shrike
 72789 | Depths:2 | Killed a caustic shrike
 72790 | Depths:2 | Reached skill level 10 in Summonings
 73013 | Depths:2 | Noticed a juggernaut
 73378 | Depths:2 | Killed a juggernaut
 74037 | Depths:2 | Found a shimmering blue altar of Sif Muna.
 74038 | Depths:2 | Found a sacrificial altar of Ru.
 74340 | Depths:2 | Reached XP level 22. HP: 142/142 MP: 29/36
 74555 | Depths:1 | Learned a level 8 spell: Discord
 75248 | Depths:3 | Reached skill level 22 in Hexes
 75382 | Depths:3 | Noticed Mennas
 75462 | Depths:3 | Killed Mennas
 75707 | Depths:3 | Found Geca Jath's Book Shoppe.
 75708 | Depths:3 | Found Emimikiy's Magic Scroll Shoppe.
 75708 | Depths:3 | Found Ofrarph's Antique Weapon Emporium.
 75713 | Depths:3 | Found Oclasch's Weapon Emporium.
 75722 | Depths:3 | Bought a scroll of enchant armour for 90 gold pieces
 75722 | Depths:3 | Bought a scroll of blinking for 90 gold pieces
 75722 | Depths:3 | Bought a scroll of teleportation for 36 gold pieces
 75722 | Depths:3 | Bought a scroll of enchant weapon for 90 gold pieces
 75722 | Depths:3 | Bought a scroll of teleportation for 36 gold pieces
 75814 | Depths:3 | Bought a manual of Fighting for 2000 gold pieces
 75900 | Depths:3 | Found a broken altar of Ashenzari.
 76632 | Depths:3 | Reached skill level 23 in Hexes
 76648 | Depths:3 | Noticed Sojobo
 76730 | Depths:3 | Killed Sojobo
 76733 | Depths:3 | Found a radiant altar of Vehumet.
 77248 | Depths:4 | Entered Level 4 of the Depths
 77335 | Depths:4 | Noticed a golden dragon
 77353 | Depths:4 | Killed a golden dragon
 77432 | Depths:4 | Found an ornate altar of the Wu Jian Council.
 77477 | Depths:3 | Learned a level 2 spell: Blink
 77714 | Depths:4 | Found a one-way gateway to a ziggurat.
 77842 | Depths:4 | Found a gate to the Realm of Zot.
 78090 | Depths:4 | Reached skill level 24 in Hexes
 78538 | Depths:4 | Found a shimmering blue altar of Sif Muna.
 79453 | Elf:3    | Entered Level 3 of the Elven Halls
 79453 | Elf:3    | Found Oqiwk's Distillery.
 79465 | Elf:3    | Bought a potion of experience for 1000 gold pieces
 79465 | Elf:3    | Bought a potion of haste for 200 gold pieces
 79465 | Elf:3    | Bought a potion of invisibility for 160 gold pieces
 79465 | Elf:3    | Bought a potion of cancellation for 160 gold pieces
 79466 | Elf:3    | Reached XP level 23. HP: 153/153 MP: 37/37
 79605 | Elf:3    | Found Weuxoaco's Magic Scroll Emporium.
 79615 | Elf:3    | Bought a scroll of enchant armour for 90 gold pieces
 79615 | Elf:3    | Bought a scroll of fear for 42 gold pieces
 79615 | Elf:3    | Bought a scroll of torment for 90 gold pieces
 81075 | Elf:3    | Reached skill level 25 in Hexes
 81508 | Elf:3    | Identified the ring "Pidautz" {+Blink rC+ EV+4 Dex+4}
 81710 | Elf:3    | Reached XP level 24. HP: 162/162 MP: 37/37
 82171 | Elf:3    | Found the +7 lajatang of Order {silver, rMut}
 82175 | Elf:3    | Identified the +0 helmet "Ufreplour" {Int+2}
 82195 | Elf:3    | Got the Catalogue of Earth and Heat
 82741 | Vaults:5 | Entered Level 5 of the Vaults
 82850 | Vaults:5 | Identified the +4 falchion "Ginacrya" {vorpal, +Blink}
 82884 | Vaults:5 | Noticed an ancient lich
 82929 | Vaults:5 | Noticed an ancient lich
 82942 | Vaults:5 | Killed an ancient lich
 83112 | Vaults:5 | Identified the ring "Jifif" {Fly rF+++ rC+ rN+ Dex-2} (You
                  | took it off a deep elf death mage on level 5 of the Vaults)
 84126 | Vaults:5 | Identified the amulet of Ufite {Reflect *Slow rPois rF+
                  | Dex+3 SH+5}
 84126 | Vaults:5 | Identified the +5 lajatang "Jixemih" {freeze, rF- rN+
                  | Str+4}
 84146 | Vaults:5 | Identified the +1 scale mail of Courage {rC+}
 84344 | Vaults:5 | Got Deom's Grimoire of Aerial Contamination
 84352 | Vaults:5 | Identified the +0 pair of gloves "Nozos" {Str+3}
 84409 | Vaults:5 | Got the Collected Works on Vitriolic Malediction
 84525 | Vaults:5 | Got a silver rune of Zot
 84751 | Vaults:5 | Killed an ancient lich
 85530 | Zot:1    | Entered Level 1 of the Realm of Zot
 85546 | Zot:1    | Noticed an orb of fire
 85785 | Zot:5    | Entered Level 5 of the Realm of Zot
 85884 | Zot:5    | Reached XP level 25. HP: 169/169 MP: 14/37
 86079 | Zot:5    | Found a runed translucent gate.
 86079 | Zot:5    | Found a runed translucent gate.
 86079 | Zot:5    | Found a runed translucent gate.
 86079 | Zot:5    | Noticed Xolotl's ghost (veteran DsBe)
 86082 | Zot:5    | Found a viscous altar of Jiyva.
 86099 | Zot:5    | Killed Xolotl's ghost
 86241 | Zot:5    | Noticed an orb of fire
 86242 | Zot:5    | Noticed a Killer Klown
 86250 | Zot:5    | Killed a Killer Klown
 86474 | Zot:5    | Noticed an orb of fire
 86474 | Zot:5    | Noticed an orb of fire
 86475 | Zot:5    | Noticed a dread lich
 86497 | Zot:5    | Killed a dread lich
 86556 | Zot:5    | Killed an orb of fire
 86660 | Zot:5    | Noticed a Killer Klown
 86689 | Zot:5    | Noticed a Killer Klown
 86712 | Zot:5    | Killed a Killer Klown
 86714 | Zot:5    | Killed a Killer Klown
 86725 | Zot:5    | Noticed an orb of fire
 86725 | Zot:5    | Noticed an orb of fire
 86726 | Zot:5    | Noticed an orb of fire
 86811 | Zot:5    | Gained mutation: You have hidden genetic defects. [an orb
                  | of fire]
 86824 | Zot:5    | Killed an orb of fire
 86937 | Zot:5    | Killed an orb of fire
 86942 | Zot:5    | Gained mutation: You tend to lose your temper in combat.
                  | [an orb of fire]
 86977 | Zot:5    | Gained mutation: Your magical capacity is low. (-10% MP)
                  | [an orb of fire]
 87004 | Zot:5    | Gained mutation: You sometimes lose the ability to read
                  | scrolls when taking damage. [an orb of fire]
 87014 | Zot:5    | Killed an orb of fire
 87054 | Zot:5    | Lost mutation: You tend to lose your temper in combat.
                  | [potion of mutation]
 87054 | Zot:5    | Lost mutation: You have hidden genetic defects. [potion of
                  | mutation]
 87054 | Zot:5    | Gained mutation: Your flesh is cold resistant. (rC+)
                  | [potion of mutation]
 87054 | Zot:5    | Gained mutation: You have a pair of small antennae on your
                  | head. [potion of mutation]
 87265 | Zot:1    | Killed an orb of fire
 87574 | Vaults:1 | Bought a potion of mutation for 128 gold pieces
 87574 | Vaults:1 | Bought a potion of mutation for 128 gold pieces
 87574 | Vaults:1 | Lost mutation: Your body sometimes deteriorates upon taking
                  | damage. [potion of mutation]
 87574 | Vaults:1 | Lost mutation: You have a pair of small antennae on your
                  | head. [potion of mutation]
 87574 | Vaults:1 | Lost mutation: Your magical capacity is low. (-10% MP)
                  | [potion of mutation]
 87574 | Vaults:1 | Gained mutation: You have an increased reservoir of magic.
                  | (+10% MP) [potion of mutation]
 87574 | Vaults:1 | Gained mutation: You are partially covered in iridescent
                  | scales. (AC +2) [potion of mutation]
 87575 | Vaults:1 | Lost mutation: You are partially covered in iridescent
                  | scales. (AC +2) [potion of mutation]
 87575 | Vaults:1 | Lost mutation: You sometimes lose the ability to read
                  | scrolls when taking damage. [potion of mutation]
 87575 | Vaults:1 | Gained mutation: You have large cloven feet. [potion of
                  | mutation]
 87575 | Vaults:1 | Gained mutation: Your mind is acute. (Int +2) [potion of
                  | mutation]
 88585 | Zot:5    | Noticed an orb of fire
 88640 | Zot:5    | Lost mutation: You have an increased reservoir of magic.
                  | (+10% MP) [an orb of fire]
 88644 | Zot:5    | Killed an orb of fire
 88644 | Zot:5    | Noticed a dread lich
 88656 | Zot:5    | Killed a dread lich
 88689 | Zot:5    | Noticed a Killer Klown
 88706 | Zot:5    | Killed a Killer Klown
 88720 | Zot:5    | Killed an ancient lich
 88799 | Zot:5    | Got the Orb of Zot
 88900 | Zot:4    | Noticed Bonal the pandemonium lord
 88901 | Zot:4    | Noticed an ancient lich
 89103 | Depths:2 | Noticed Voatrofo the pandemonium lord
 89573 | D:$      | Escaped with the Orb!

Illustrated notes

Levels and vault maps discovered:
D:1:      ncdulo_wetmaze, layout_rooms
D:2:      layout_rooms, hellmonk_ecumenical_altar_inner_sanctum, basic_altar
D:3:      layout_basic, nicolae_underground_beach, uniq_jessica, uniq_terence
D:4:      layout_cave_pools, nicolae_shop_firing_range, uniq_grinder
D:5:      layout_rooms, nrook_mini_backslash, minmay_gold_behind_fungi
D:6:      layout_cave_pools, gammafunk_ghost_abyssal_escape
D:7:      layout_rooms, minmay_temple_entry_junction, kennysheep_big_empty_room,
          uniq_duvessa, uniq_prince_ribbit1, uniq_menkaure
D:8:      layout_gridville, minivault_25, nicolae_fountain_basement
D:9:      layout_rooms, erik_lair_island
D:10:     layout_loops_ring, kennysheep_mini_moat, david_orc_2,
          serial_nicolae_subway, nicolae_sub_station_stone,
          nicolae_sub_station_metal, nicolae_sub_station_crystal
D:11:     layout_small_grid, zin_purify
D:12:     layout_irregular_city, maelrawn_ghost_gauntlet_escape,
          portal_ice_cave_entry_pillars_1
D:13:     layout_layer_cave, led_xom_imps
D:14:     dragon1_lemuel, layout_layer_cave, david_vaults_4,
          serial_park_fountain, uniq_josephine, uniq_louise
D:15:     hangedman_depths_entry_try_elsewhere_first, layout_loops_ring,
          nicolae_hepliaklqana_hippocampus
Temple:   mainiacjoe_temple_hex_bubbles
Lair:1:   layout_hall_layers, grunt_megastairs_1, infiniplex_staircase_pool_2
Lair:2:   layout_roguey, dummy_snake_entry, eino_small_chamber_without_monster,
          uniq_harold, uniq_maggie
Lair:3:   layout_roguey
Lair:4:   layout_small_grid, elwin_shoals_entry_stream
Lair:5:   cheibrodos_lair_overgrown_chateau, layout_misc_corridors,
          minmay_slime_entry_jelly_boxes, serial_bayou_pond_d,
          chequers_serial_rivers_micro_a, serial_bayou_shore_a
Lair:6:   due_jungle_book, layout_gridlike, small_statue_intersection,
          grunt_megastairs_4, uniq_nessos
Shoals:1: layout_shoals, gammafunk_ghost_tricky_traps,
          nicolae_shoals_lost_giant_pillars
Shoals:2: layout_shoals
Shoals:3: layout_shoals, uniq_polyphemus
Shoals:4: shoals_end_simple, layout_shoals, shoals_ilsuiw_alternative,
          uniq_bai_suzhen
Snake:1:  layout_onion, uniq_aizul
Snake:2:  layout_rooms, grunt_megastairs_5, lemuel_fruit_tree
Snake:3:  layout_cave_town, nicolae_snake_single_loop
Snake:4:  minmay_snake_end_coiled, layout_cave_town,
          ebering_ghost_reflecting_pool, serial_shops, nicolae_shop_trees
Orc:1:    layout_caves, uniq_erolcha
Orc:2:    st_orc_congregation, layout_diamond_mine, uniq_urug, uniq_azrael
Elf:1:    eino_elf_arrival_the_gate, layout_geoelf_octagon, serial_shops, shop,
          minmay_elf_crystal_hexagon, uniq_kirke
Elf:2:    nicolae_elf_blades_splatter_lattice [nicolae_blade_entry_antechamber],
          layout_geoelf_grid, serial_shops, shop_coins,
          nicolae_elf_elemental_lessons, uniq_agnes, uniq_jorgrun
Elf:3:    grunt_elf_hall_asides, layout_rooms, serial_shops, shop, shop,
          patterned_corridor
Vaults:1: v_misc_17, vaults_room_corners, dpeg_vaults_waves, vaults_mumra_lcd,
          grunt_vaults_trifunnel, nicolae_vaults_gold_heap,
          nicolae_vaults_asterisk, v_misc_29, hangedman_vaults_stitches,
          dpeg_vaults_monster_box, nicolae_vaults_mini_display_case,
          vaults_dpeg_hooks, vaults_room_stairs_pillars,
          layout_vaults_maze_snakey, serial_shops, nicolae_square_shop, shop,
          uniq_nikola
Vaults:2: ontoclasm_vaults_loading_screen, v_alt_pattern_1,
          nicolae_vaults_ring_of_whatevers, nicolae_vaults_specimen_jars,
          ontoclasm_vaults_twist, v_misc_19, layout_vaults_quadrants,
          uniq_asterion, uniq_xtahua, uniq_mara
Vaults:3: v_misc_12, nicolae_vaults_fighting_squares, v_misc_1,
          vaults_mumra_hexcomb, minmay_crypt_entry_simple_sparse,
          vaults_room_semicircle, vaults_dpeg_diagonal, v_alt_pattern_5,
          grunt_vaults_hallway_short, grunt_vaults_bifocal,
          nicolae_vaults_little_squares_4, nicolae_vaults_little_squares_4,
          nicolae_vaults_asterisk, hangedman_vaults_restitches,
          layout_vaults_ring
Vaults:4: ontoclasm_vaults_eye, grunt_vaults_swirl, vaults_standard_mumra_x,
          nicolae_vaults_inception_corners, nicolae_vaults_stairing_the_circle,
          hangedman_vaults_nodes, nicolae_vaults_rhombus_6, v_misc_16,
          hangedman_vaults_corner_blocks, v_misc_19, vaults_dpeg_cross,
          nicolae_vaults_asterisk, nicolae_vaults_little_squares_6,
          layout_vaults_omnicross
Vaults:5
Depths:1: evilmike_library_of_no_secrets, layout_long_grid,
          nicolae_tso_carved_into_rock, hell_entry, rand_demon_pan_entry_4,
          serial_glass, glass_columns_b, glass_columns_a,
          minmay_strange_pillars, hex_medium, minmay_hollow_rounded_squares
Depths:2: minmay_the_grid_octo_2x2 [minmay_the_grid_octo_teeth,
          minmay_the_grid_octo_shrine, minmay_the_grid_octo_concentric,
          minmay_the_grid_octo_prize_square_snowflake], layout_gridlike,
          kennysheep_boxes, grunt_pan_entry_in_and_out, hell_entry,
          minmay_microvault
Depths:3: nicolae_cairo_tiling_large, layout_cave_pools, hell_entry,
          abyss_entry_crystal, nicolae_vehumet_radiance,
          nicolae_ashenzari_skybound, minmay_shoptagon, uniq_mennas, uniq_sojobo
Depths:4: grunt_zot_entry_gee_three, layout_honeycomb, enter_ziggurat_e,
          nicolae_abyss_entry_one_way_or_another, nzn_wu_jian_council_hall,
          hell_entry, chequers_serial_rivers_marsh, tgw_sif
Zot:1:    layout_gridlike, zot_minivault_1
Zot:2:    kennysheep_blocky_room, layout_gridlike, uniq_tiamat
Zot:3:    layout_basic
Zot:4:    layout_basic, lemuel_golem_globe
Zot:5:    layout_misc_corridors, gammafunk_ghost_ooze

Skill      XL: |  1  2  3  4  5  6  7  8  9 10 11 12 13 14 15 16 17 18 19 20 21 22 23 24 25 |
---------------+----------------------------------------------------------------------------+-----
Short Blades   | 3 4 6 7 9 10 12 13 14 15 17 18 19 | 19.7
Stealth        | 8 9 10 11 12 13 14 15 16 17 18 19 | 19.9
Shields        | 2 3 4 5 6 8 9 |  9.6
Armour         | 1 3 4 5 6 8 10 11 12 13 | 13.0
Fighting       | 3 5 6 9 10 11 12 13 15 16 18 19 20 21 | 21.1
Dodging        | 10 12 13 14 15 16 18 19 20 | 20.4
Hexes          | 2 8 11 14 17 18 19 20 21 24 25 | 25.0
Spellcasting   | 1 4 5 6 8 9 10 11 | 11.3
Ice Magic      | 3 4 |  4.0
Summonings     | 3 6 8 9 10 11 | 11.4
Necromancy     | 3 4 |  4.5
Transmutations | 3 6 |  6.0

Action                   |  1- 3 |  4- 6 |  7- 9 | 10-12 | 13-15 | 16-18 | 19-21 | 22-24 | 25-27 || total
-------------------------+-------+-------+-------+-------+-------+-------+-------+-------+-------++-------
Melee: Short sword       |    83 |    91 |   437 |   850 |  1113 |       |       |       |       ||  2574
       Bite              |     5 |    16 |    66 |   161 |   286 |   303 |   471 |   398 |   113 ||  1819
       Punch             |       |     1 |       |       |       |       |       |       |       ||     1
       Dagger            |       |       |       |     1 |    60 |       |       |       |       ||    61
       Rapier            |       |       |       |       |   452 |  1917 |  2145 |  1550 |   513 ||  6577
Throw: Dart              |       |     2 |     8 |    14 |     3 |    20 |       |       |       ||    47
 Cast: Ensorcelled Hiber |       |       |       |       |   233 |   215 |   199 |    82 |       ||   729
       Confusing Touch   |       |       |       |       |     5 |       |       |       |       ||     5
       Summon Mana Viper |       |       |       |       |     7 |   116 |   103 |    60 |    13 ||   299
       Call Canine Famil |       |       |       |       |     2 |    29 |    23 |     3 |     1 ||    58
       Yara's Violent Un |       |       |       |       |       |     7 |     8 |     3 |     1 ||    19
       Enfeeble          |       |       |       |       |       |    11 |    39 |    95 |    51 ||   196
       Tukima's Dance    |       |       |       |       |       |     7 |       |       |       ||     7
       Vampiric Draining |       |       |       |       |       |     5 |     9 |       |       ||    14
       Fulminant Prism   |       |       |       |       |       |       |     7 |       |       ||     7
       Discord           |       |       |       |       |       |       |       |    17 |     1 ||    18
Invok: Call Merchant     |       |       |       |       |     3 |     1 |       |       |       ||     4
       Potion Petition   |       |       |       |       |       |     5 |     1 |       |     4 ||    10
       Bribe Branch      |       |       |       |       |       |       |       |     1 |     1 ||     2
 Abil: Exsanguinate      |     1 |       |       |       |       |       |       |       |       ||     1
       End Transformatio |       |       |       |     1 |     1 |       |       |       |       ||     2
       Bat Form          |       |       |       |     1 |     1 |       |       |       |       ||     2
Evoke: Wand              |     1 |       |    15 |    19 |    15 |     5 |       |     5 |     3 ||    63
       Tin of tremorston |       |       |       |       |     2 |     2 |       |       |       ||     4
       Phantom mirror    |       |       |       |       |       |       |       |     1 |       ||     1
  Use: Scroll            |     1 |     2 |    11 |     6 |    17 |    21 |     9 |    19 |     7 ||    93
       Potion            |     1 |       |     1 |     4 |     2 |    10 |     2 |     5 |    13 ||    38
 Stab: Sleeping          |    24 |    14 |    25 |    25 |   126 |   147 |   167 |    66 |       ||   594
       Distracted        |       |     1 |     3 |    11 |    17 |    39 |    43 |    29 |    11 ||   154
       Confused          |       |       |       |       |     4 |       |       |       |       ||     4
       Paralysed         |       |       |       |       |     1 |       |       |       |       ||     1
       Invisible         |       |       |       |       |       |     4 |    19 |    65 |    34 ||   122
Armor: Leather armour    |     5 |       |     3 |   108 |    23 |       |       |       |       ||   139
       Ring mail         |     3 |    25 |   103 |       |       |    11 |   381 |   286 |    70 ||   879
       Acid dragon scale |       |       |       |       |   304 |   198 |       |       |       ||   502
       Robe              |       |       |       |       |       |    71 |       |       |       ||    71
Dodge: Dodged            |    31 |    41 |   130 |   307 |   796 |   887 |   978 |   685 |   154 ||  4009
Block: Buckler           |       |     1 |    85 |   103 |   398 |   346 |   450 |   302 |    88 ||  1773
